 Dungeon Crawl Stone Soup version 0.31.0-9-g3a7656b989 (webtiles) character file.

Game seed: 17133679171330339237

2401 qw the Skirmisher (level 9, -2/44 HPs)
             Began as a Spriggan Hunter on Feb 3, 2024.
             Was a Believer of Okawaru.
             Slain by an orc warrior
             ... wielding a +0 short sword
              (10 damage)
             ... on level 7 of the Dungeon.
             The game lasted 00:01:28 (6273 turns).

qw the Skirmisher (Spriggan Hunter)                 Turns: 6273, Time: 00:01:29

Health: -2/44      AC:  2    Str:  7    XL:     9   Next: 23%
Magic:  13/13      EV: 25    Int: 11    God:    Okawaru [**....]
Gold:   766        SH:  0    Dex: 22    Spells: 8/8 levels left

rFire   . . .        a - +1 shortbow
rCold   . . .        (shield currently unavailable)
rNeg    . . .        c - +0 robe
rPois   +            (helmet restricted)
rElec   .            (no cloak)
rCorr   .            (gloves unavailable)
SInv    +            (boots unavailable)
Will    +....        (no amulet)
Stlth   ++           f - ring of poison resistance
HPRegen 0.27/turn    (no ring)
MPRegen 0.13/turn

%: no passive effects
@: very quick
A: very small, no large weapons, unfitting armour, see invisible, speed 3
a: Renounce Religion, Heroism


You were on level 7 of the Dungeon.
You worshipped Okawaru.
Okawaru was pleased with you.
You visited 2 branches of the dungeon, and saw 8 of its levels.
You also visited: Sewer.

You collected 1284 gold pieces.
You spent 518 gold pieces at shops.


Innate Abilities, Weirdness & Mutations

You are very small and have problems with some larger weapons.
You are too small for most types of armour.
You have supernaturally acute eyesight. (SInv)
You cover ground extremely quickly. (Speed+++)


   Skills:
 - Level 3.0 Fighting
 - Level 10.0 Ranged Weapons
 + Level 9.1 Dodging
 - Level 1.5 Stealth
 - Level 4.0 Invocations


You had 8 spell levels left.
You didn't know any spells.
Your spell library was empty.

Inventory:

Hand Weapons
 a - a +1 shortbow (weapon)
Armour
 c - a +0 robe (worn)
 g - a +2 robe of cold resistance
Jewellery
 f - a ring of poison resistance (left hand)
 s - a ring of ice
Wands
 e - a wand of roots (5)
 j - a wand of charming (10)
 k - a wand of acid (7)
 q - a wand of polymorph (3)
Scrolls
 p - a scroll of enchant armour
 r - 4 scrolls of identify
Potions
 b - 2 potions of haste
 d - a potion of enlightenment
 h - 2 potions of resistance
 i - 3 potions of cancellation
 l - 3 potions of curing
 m - 2 potions of heal wounds
 n - 2 potions of magic
 t - 2 potions of might
 u - a potion of mutation

Dungeon Overview and Level Annotations

Branches:
Dungeon (7/15)             Temple (1/1) D:5           Sewer (visited)

Altars:
Ashenzari
Cheibriados
Elyvilon
Fedhas
Gozag
Makhleb
Nemelex Xobeh
Okawaru
Ru
Sif Muna
Trog
Uskayaw
Vehumet
Wu Jian
Xom
Yredelemnul
Zin
The Shining One

Shops:
D:1 *   D:2 *   D:4 :   D:6 !   D:7 *


Message History

The orc priest is almost dead.
The orc warrior misses you.
You shoot an arrow. The arrow hits the orc warrior.
The orc warrior is heavily wounded.
The orc priest invokes the aid of Beogh against you.
Beogh smites you! The orc warrior misses you.
You shoot an arrow.
The arrow closely misses the orc warrior.
The arrow hits the orc priest.
The orc priest is moderately wounded.
The orc priest invokes the aid of Beogh against you.
Beogh smites you! The orc warrior misses you.
You shoot an arrow. The arrow hits the orc warrior.
The orc warrior is heavily wounded.
You shoot an arrow. The arrow hits the orc warrior.
The orc warrior is severely wounded.
The orc warrior misses you.
You shoot an arrow.
The arrow hits the orc warrior but does no damage.
The orc warrior is severely wounded.
The orc priest begins to cast a cantrip, but forgets the words!
The orc warrior closely misses you.
You shoot an arrow.
The arrow barely misses the orc warrior.
The arrow hits the orc priest!
You kill the orc priest!
Okawaru accepts your kill.
The orc priest invokes the aid of Beogh against you.
Beogh smites you! The orc warrior closely misses you.
6272 ||| DRINKING 3 potions of heal wounds.
You feel much better.
The orc priest invokes the aid of Beogh against you.
Beogh smites you! The orc warrior completely misses you.
You shoot an arrow.
The arrow hits the orc warrior but does no damage.
The orc warrior is severely wounded.
The orc priest mumbles some strange prayers to Beogh against you.
Beogh smites you!
The orc warrior hits you with a +0 short sword!
You die...

...#####.....####
#....>..###....
...'.........'..#
##>####.# #.###
...####......##.#
#.# #.# #.#..
...# #......##.#
#.# #.# .....
...# #.#######.#
#.# #.#......
...####.# #.# #.#
#.###....
......#.# #.# #.#
###.# ...#.##.#
#.####'##+ #
......#..
#.@oo.....
#..#..#######
####o.....
#..#..##.#..#
.....
#..#.....##.#
....
#..#.###.##.# ...
#..#.###....# #+
#..#.....####
.........#
########.#


You could see an orc warrior, an orc priest and an orc.

Vanquished Creatures
  Grinder (D:6)
  2 orc warriors
  2 ice beasts
  2 black bears
  2 ogres
  A phantom (D:4)
  2 bullfrogs (Sewer)
  A scorpion (D:5)
  3 wights (D:7)
  6 killer bees (D:7)
  2 bombardier beetles
  A hound (D:7)
  2 jellies (D:5)
  An orc priest (D:7)
  4 iguanas
  2 sleepcaps
  Natasha (twice) (D:3)
  Terence (D:3)
  2 orc wizards
  14 adders
  3 gnolls (D:5)
  4 ufetubi (D:6)
  10 dart slugs
  3 ribbon worms
  14 orcs
  5 bats
  14 endoplasms
  10 giant cockroaches
  5 goblins
  9 hobgoblins
  2 jackals (D:2)
  7 kobolds
  7 quokkas
  22 ball pythons
  5 frilled lizards
  8 rats
181 creatures vanquished.

Notes
Turn   | Place    | Note
-------+----------+-------------------------------------------
     0 | D:1      | qw the Spriggan Hunter began the quest for the Orb.
     0 | D:1      | Reached XP level 1. HP: 10/10 MP: 2/2
     0 | D:1      | 0 ||| qw: Version: 0.3-a-155-g5e7d8dd
     0 | D:1      | 0 ||| qw: Game counter: 2970
     0 | D:1      | 0 ||| qw: Melee chars always use a shield: true
     0 | D:1      | 0 ||| qw: God list: Okawaru
     0 | D:1      | 0 ||| qw: Allow faded altars: false
     0 | D:1      | 0 ||| qw: Do Orc after clearing Dungeon:15 true
     0 | D:1      | 0 ||| qw: Do second Lair branch before Depths: true
     0 | D:1      | 0 ||| qw: Lair rune preference: random
     0 | D:1      | 0 ||| qw: Goals: Normal
     0 | D:1      | 0 ||| PLANNING D:1-11
    45 | D:1      | Reached skill level 3 in Dodging
   123 | D:1      | Found Dulem's General Store.
   133 | D:1      | 133 ||| SHOPLISTING potion of curing (42 gold, have 24).
   167 | D:1      | Reached XP level 2. HP: 12/14 MP: 3/3
   182 | D:1      | 182 ||| READING scroll labelled QENAS RATIUG.
   374 | D:1      | HP: 3/14 [quokka (5)]
   668 | D:1      | 668 ||| DROPPING scroll of butterflies.
   682 | D:2      | Found Heucomol's Assorted Antiques.
   685 | D:2      | 685 ||| STAIRDANCE
   787 | D:2      | 787 ||| BUYING amethyst potion (17 gold).
   787 | D:2      | Bought an amethyst potion for 17 gold pieces
   787 | D:2      | 787 ||| BUYING glowing white potion (17 gold).
   787 | D:2      | Bought a glowing white potion for 17 gold pieces
   787 | D:2      | 787 ||| SHOPLISTING ring of the Octopus King (95 gold, have
                  | 16).
   787 | D:2      | 787 ||| SHOPLISTING scroll labelled AHUUNW RYWAWUR (19
                  | gold, have 16).
   787 | D:2      | 787 ||| SHOPLISTING scroll labelled WEKHOCKIUSM (19 gold,
                  | have 16).
   787 | D:2      | 787 ||| SHOPLISTING scroll of teleportation (57 gold, have
                  | 16).
   817 | D:2      | Reached XP level 3. HP: 15/18 MP: 4/4
   939 | D:2      | Reached skill level 5 in Ranged Weapons
   946 | D:2      | 946 ||| FLEEEEING.
   948 | D:2      | 948 ||| FLEEEEING.
  1128 | D:2      | Reached XP level 4. HP: 22/22 MP: 5/5
  1205 | D:2      | 1205 ||| READING 3 scrolls labelled WEKHOCKIUSM.
  1205 | D:2      | 1205 ||| IDENTIFYING amethyst potion
  1206 | D:2      | 1206 ||| READING 2 scrolls of identify.
  1206 | D:2      | 1206 ||| IDENTIFYING fizzy coppery potion
  1207 | D:2      | 1207 ||| READING scroll of identify.
  1207 | D:2      | 1207 ||| IDENTIFYING yellow potion
  1208 | D:2      | 1208 ||| READING scroll labelled VIBIUNI NIQAC.
  1309 | D:2      | 1309 ||| READING 3 scrolls labelled JEPENK WASASEH.
  1310 | D:2      | 1310 ||| READING scroll labelled TURGHU FUM UTZI.
  1311 | D:2      | 1311 ||| DROPPING potion of lignification.
  1312 | D:2      | 1312 ||| DROPPING 2 scrolls of fog.
  1334 | D:3      | 1334 ||| PLANNING SEWER
  1729 | D:3      | HP: 1/22 [iguana (12)]
  1730 | D:3      | 1730 ||| READING scroll of teleportation.
  1917 | D:3      | Noticed Natasha
  1924 | D:3      | Killed Natasha
  1925 | D:3      | Reached XP level 5. HP: 26/26 MP: 6/6
  1947 | D:3      | Found a glowing drain.
  1948 | D:3      | 1948 ||| READING scroll labelled EHOELI IROPLE.
  1949 | D:3      | 1949 ||| DRINKING 3 sedimented purple potions.
  1967 | Sewer    | Entered a sewer
  2212 | Sewer    | Reached skill level 6 in Ranged Weapons
  2291 | Sewer    | Reached XP level 6. HP: 30/30 MP: 7/7
  2331 | Sewer    | Reached skill level 6 in Dodging
  2426 | Sewer    | 2426 ||| READING scroll labelled WEOPYZ GIEL.
  2426 | Sewer    | 2426 ||| ENCHANTING +0 shortbow.
  2441 | D:3      | 2441 ||| PLANNING D:1-11
  2662 | D:3      | 2662 ||| READING scroll of identify.
  2662 | D:3      | 2662 ||| IDENTIFYING inky potion
  2663 | D:3      | 2663 ||| DROPPING potion of attraction.
  2822 | D:4      | 2822 ||| UPGRADING to ring of poison resistance.
  2838 | D:3      | Noticed Natasha
  2850 | D:3      | Killed Natasha
  3007 | D:3      | Noticed Terence
  3017 | D:3      | Killed Terence
  3047 | D:3      | Found a radiant altar of Vehumet.
  3113 | D:4      | Reached skill level 7 in Ranged Weapons
  3113 | D:4      | Reached XP level 7. HP: 26/35 MP: 8/8
  3491 | D:4      | Found Loaplig's Self-Improvement Boutique.
  3524 | D:4      | 3524 ||| DRINKING 2 bubbling emerald potions.
  3525 | D:4      | 3525 ||| DROPPING potion of degeneration.
  3570 | D:5      | Entered Level 5 of the Dungeon
  3654 | D:5      | 3654 ||| FLEEEEING.
  3655 | D:5      | 3655 ||| FLEEEEING.
  3656 | D:5      | 3656 ||| FLEEEEING.
  3657 | D:5      | 3657 ||| FLEEEEING.
  3659 | D:5      | 3659 ||| FLEEEEING.
  3660 | D:5      | 3660 ||| FLEEEEING.
  3661 | D:5      | 3661 ||| FLEEEEING.
  3662 | D:5      | 3662 ||| FLEEEEING.
  3664 | D:5      | 3664 ||| FLEEEEING.
  3665 | D:5      | 3665 ||| FLEEEEING.
  3666 | D:5      | 3666 ||| FLEEEEING.
  3668 | D:5      | 3668 ||| FLEEEEING.
  3669 | D:5      | 3669 ||| FLEEEEING.
  3672 | D:5      | 3672 ||| FLEEEEING.
  3673 | D:5      | 3673 ||| FLEEEEING.
  3674 | D:5      | 3674 ||| FLEEEEING.
  3679 | D:5      | 3679 ||| FLEEEEING.
  3680 | D:5      | 3680 ||| FLEEEEING.
  3683 | D:5      | 3683 ||| FLEEEEING.
  3684 | D:5      | 3684 ||| FLEEEEING.
  3685 | D:5      | 3685 ||| FLEEEEING.
  3686 | D:5      | 3686 ||| FLEEEEING.
  3687 | D:5      | 3687 ||| FLEEEEING.
  3688 | D:5      | 3688 ||| FLEEEEING.
  3689 | D:5      | 3689 ||| FLEEEEING.
  3943 | D:5      | 3943 ||| DRINKING 2 potions of haste.
  3945 | D:5      | Reached skill level 8 in Ranged Weapons
  4039 | D:5      | Found a staircase to the Ecumenical Temple.
  4040 | D:5      | 4040 ||| PLANNING TEMPLE
  4040 | D:5      | 4040 ||| READING scroll labelled HOSMEM JIBLAB.
  4040 | D:5      | Identified a scroll of acquirement
  4040 | D:5      | 4040 ||| ACQUIRING 830 gold pieces
  4040 | D:5      | Acquired 830 gold pieces
  4042 | D:5      | 4042 ||| DRINKING 2 brown potions.
  4051 | Temple   | Entered the Ecumenical Temple
  4052 | Temple   | 4052 ||| PLANNING OKAWARU WORSHIP
  4070 | Temple   | Became a worshipper of Warmaster Okawaru
  4071 | Temple   | 4071 ||| PLANNING D:1-11
  4200 | D:5      | 4200 ||| RETREEEEATING.
  4204 | D:5      | 4204 ||| RETREEEEATING.
  4249 | D:5      | Reached skill level 3 in Fighting
  4262 | D:5      | Reached XP level 8. HP: 40/40 MP: 9/9
  4530 | D:5      | 4530 ||| DRINKING 3 glowing white potions.
  4661 | D:6      | Reached * piety under Okawaru
  5117 | D:6      | Reached skill level 1 in Invocations
  5119 | D:6      | Noticed Grinder
  5120 | D:6      | 5120 ||| INVOKING Heroism.
  5130 | D:6      | Killed Grinder
  5131 | D:6      | Reached skill level 9 in Ranged Weapons
  5152 | D:6      | Found Arafocou's Distillery.
  5160 | D:6      | 5160 ||| BUYING 2 potions of curing (66 gold).
  5160 | D:6      | Bought 2 potions of curing for 66 gold pieces
  5160 | D:6      | 5160 ||| BUYING potion of curing (33 gold).
  5160 | D:6      | Bought a potion of curing for 33 gold pieces
  5160 | D:6      | 5160 ||| BUYING potion of haste (110 gold).
  5160 | D:6      | Bought a potion of haste for 110 gold pieces
  5160 | D:6      | 5160 ||| BUYING potion of heal wounds (55 gold).
  5160 | D:6      | Bought a potion of heal wounds for 55 gold pieces
  5160 | D:6      | 5160 ||| BUYING potion of magic (88 gold).
  5160 | D:6      | Bought a potion of magic for 88 gold pieces
  5160 | D:6      | 5160 ||| BUYING potion of might (44 gold).
  5160 | D:6      | Bought a potion of might for 44 gold pieces
  5160 | D:6      | 5160 ||| BUYING potion of mutation (88 gold).
  5160 | D:6      | Bought a potion of mutation for 88 gold pieces
  5214 | D:6      | 5214 ||| RETREEEEATING.
  5215 | D:6      | 5215 ||| RETREEEEATING.
  5216 | D:6      | 5216 ||| RETREEEEATING.
  5217 | D:6      | 5217 ||| RETREEEEATING.
  5231 | D:6      | HP: 8/40 [orc warrior/+1 short sword of flaming (4)]
  5232 | D:6      | 5232 ||| DRINKING 4 potions of heal wounds.
  5236 | D:6      | Reached skill level 3 in Invocations
  5445 | D:6      | 5445 ||| DROPPING amulet of magic regeneration.
  5446 | D:6      | 5446 ||| READING 7 scrolls of identify.
  5446 | D:6      | 5446 ||| IDENTIFYING blue potion
  5447 | D:6      | 5447 ||| READING 6 scrolls of identify.
  5447 | D:6      | 5447 ||| IDENTIFYING metallic inky potion
  5448 | D:6      | 5448 ||| READING 5 scrolls of identify.
  5448 | D:6      | 5448 ||| IDENTIFYING sedimented emerald potion
  5449 | D:6      | 5449 ||| READING 4 scrolls of identify.
  5449 | D:6      | 5449 ||| IDENTIFYING scroll labelled MOHIREUNEO
  5450 | D:6      | 5450 ||| READING 3 scrolls of identify.
  5450 | D:6      | 5450 ||| IDENTIFYING scroll labelled USESKUZ RAERGHAO
  5451 | D:6      | 5451 ||| DROPPING potion of ambrosia.
  5452 | D:6      | 5452 ||| DROPPING potion of berserk rage.
  5453 | D:6      | 5453 ||| DROPPING scroll of revelation.
  5554 | D:7      | 5554 ||| RETREEEEATING.
  5556 | D:7      | 5556 ||| RETREEEEATING.
  5558 | D:7      | 5558 ||| RETREEEEATING.
  5560 | D:7      | 5560 ||| RETREEEEATING.
  5793 | D:7      | 5793 ||| DRINKING 4 potions of curing.
  5793 | D:7      | 5793 ||| (to cure confusion)
  5816 | D:7      | Reached ** piety under Okawaru
  5817 | D:7      | Reached skill level 9 in Dodging
  5817 | D:7      | Reached XP level 9. HP: 34/44 MP: 11/13
  5894 | D:7      | Found Raek's Mayhem Merchandise.
  5898 | D:7      | 5898 ||| RETREEEEATING.
  5900 | D:7      | 5900 ||| RETREEEEATING.
  5902 | D:7      | 5902 ||| RETREEEEATING.
  5904 | D:7      | 5904 ||| RETREEEEATING.
  5906 | D:7      | 5906 ||| RETREEEEATING.
  5910 | D:7      | 5910 ||| RETREEEEATING.
  5911 | D:7      | 5911 ||| RETREEEEATING.
  5912 | D:7      | 5912 ||| RETREEEEATING.
  5914 | D:7      | 5914 ||| INVOKING Heroism.
  6129 | D:7      | Reached skill level 10 in Ranged Weapons
  6271 | D:7      | HP: 4/44 [orc priest/divine providence (14)]
  6272 | D:7      | 6272 ||| DRINKING 3 potions of heal wounds.
  6273 | D:7      | Slain by an orc warrior

Levels and vault maps discovered:
D:1:      minmay_arrival_loop, layout_loops_cross, serial_shops, shop,
          serial_glass, glass_columns_c, glass_columns_a, feat_on_display
D:2:      layout_rooms, serial_shops, nicolae_shop_overgrown_old_shop
D:3:      minmay_door_path, layout_basic, nicolae_overflow_hidden_temple,
          cheibrodos_sewer_entry_sluice, serial_rivers,
          chequers_serial_rivers_room_a, chequers_serial_rivers_micro_b,
          chequers_serial_rivers_micro_a, chequers_serial_rivers_micro_a,
          hangedman_glass_teeth, minmay_misc_feat_nine_boxes, uniq_terence,
          uniq_natasha
D:4:      layout_basic, nicolae_shop_self_help
D:5:      layout_basic, minmay_temple_entry_junction_2
D:6:      layout_basic, serial_shops, shop_statue, uniq_grinder
D:7:      layout_basic, jmf_multi_god_temple2, minmay_shop_mayhem
Temple:   bh_familiar_temple

Skill      XL: |  1  2  3  4  5  6  7  8  9 |
---------------+----------------------------+-----
Dodging        | 3 4 5 6 7 9 |  9.1
Ranged Weapons | 5 6 7 8 9 10 | 10.0
Fighting       | 2 3 |  3.0
Invocations    | 4 |  4.0
Stealth        | |  1.5

Action                     |  1- 3 |  4- 6 |  7- 9 || total
---------------------------+-------+-------+-------++-------
   Fire: Shortbow          |   127 |   275 |   339 ||   741
 Invoke: Heroism           |       |       |     2 ||     2
    Use: Scroll            |     1 |    10 |     6 ||    17
         Potion            |       |     1 |     7 ||     8
 Armour: Robe              |    13 |    38 |    50 ||   101
  Dodge: Dodged            |    45 |   103 |   206 ||   354

Table legend:
 A = Non-vault XP
 B = Vault XP
 C = Vault XP percentage of total XP
 D = Non-vault monster count
 E = Vault monster count
 F = Vault count percentage of total count
                 A         B        C        D         E       F
            +---------+---------+-------+---------+---------+-------
      Total |    2714 |     717 |  20.9 |     125 |      56 |  30.9
            +---------+---------+-------+---------+---------+-------
        D:1 |      36 |       0 |   0.0 |      21 |       0 |   0.0
        D:2 |      61 |       0 |   0.0 |      23 |       0 |   0.0
        D:3 |     140 |      86 |  38.1 |      20 |       7 |  25.9
        D:4 |     163 |       0 |   0.0 |       7 |       0 |   0.0
        D:5 |     686 |       0 |   0.0 |      21 |       0 |   0.0
        D:6 |     647 |     272 |  29.6 |      17 |       1 |   5.6
        D:7 |     981 |       0 |   0.0 |      16 |       0 |   0.0
      Sewer |       0 |     359 | 100.0 |       0 |      48 | 100.0
            +---------+---------+-------+---------+---------+-------
